 Dungeon Crawl Stone Soup version 0.27-a0-1281-ge233d83751 (webtiles) character file.

Game seed: 6135801814343769073

96 HoaS the Poker (level 4, 0/28 HPs)
             Began as a Tengu Berserker on June 13, 2021.
             Was a Believer of Trog.
             Slain by an orc (3 damage)
             ... on level 3 of the Dungeon.
             The game lasted 00:03:59 (1827 turns).

HoaS the Poker (Tengu Berserker)                    Turns: 1827, Time: 00:04:00

Health: 0/28       AC:  3    Str: 19    XL:     4   Next: 67%
Magic:  5/5        EV: 12    Int:  7    God:    Trog [**....]
Gold:   95         SH:  0    Dex: 13    Spells: 3/3 levels left

rFire    . . .     SeeInvis .   f - +1 trident
rCold    + . .     Faith    .   (no shield)
rNeg     . . .     Spirit   .   a - +0 leather armour {rC+}
rPois    .         Reflect  .   (helmet restricted)
rElec    .         Harm     .   (no cloak)
rCorr    .         Rampage  .   (no gloves)
Will     .....                  (boots unavailable)
Stlth    +.........             (no amulet)
HPRegen  0.09/turn              (no ring)
MPRegen  0.09/turn              (no ring)

@: no status effects
A: beak, talons 3
a: Renounce Religion, Berserk, Trog's Hand


You were on level 3 of the Dungeon.
You worshipped Trog.
Trog was pleased with you.
You visited 1 branch of the dungeon, and saw 3 of its levels.

You collected 95 gold pieces.

Inventory:

Hand Weapons
 f - a +1 trident (weapon)
Armour
 a - a +0 leather armour of cold resistance (worn)
Potions
 b - a potion of might
 c - a potion of curing
 d - a potion of mutation {unknown}
 e - a potion of berserk rage {unknown}
 g - a potion of flight {unknown}
 h - a potion of ambrosia {unknown}


   Skills:
 - Level 3.0 Fighting
 * Level 5.8 Polearms
 - Level 2.1 Armour
 - Level 2.1 Dodging


You had 3 spell levels left.
You didn't know any spells.
Your spell library was empty.

Dungeon Overview and Level Annotations

Branches:
Dungeon (3/15)

Altars:


Innate Abilities, Weirdness & Mutations

You have a beak for a mouth.
You have claws for feet.


Message History

The puff of flame hits you!
Found a scroll labelled OMUGO ECELLAXU.
The orc wizard hits you but does no damage.
The orc closely misses you.
You barely miss the orc wizard. Your kick misses the orc wizard.
Your peck misses the orc wizard.
The orc wizard is moderately wounded.
You feel less confused. The orc hits you but does no damage.
The orc wizard hits you but does no damage.
The orc barely misses you.
You hit the orc wizard.
The orc wizard is moderately wounded.
The orc closely misses you. The orc wizard closely misses you.
The orc barely misses you.
You hit the orc wizard.
The orc wizard is heavily wounded.
The orc hits you but does no damage.
The orc wizard hits you but does no damage.
The orc hits you with a +0 hand axe!
You barely miss the orc wizard. Your peck misses the orc wizard.
The orc wizard is heavily wounded.
The orc closely misses you.
The orc wizard hits you with a +0 dagger.
* * * LOW HITPOINT WARNING * * *
The orc hits you with a +0 hand axe.
* * * LOW HITPOINT WARNING * * *
You hit the orc wizard. You claw the orc wizard.
The orc wizard is severely wounded.
The orc hits you but does no damage. The orc wizard misses you.
The orc closely misses you.
You hit the orc wizard.
You kill the orc wizard!
Trog accepts your kill.
Trog appreciates your killing of a magic user.
The orc hits you with a +0 dagger.
* * * LOW HITPOINT WARNING * * *
The orc barely misses you. The orc hits you with a +0 hand axe.
You die...

.. ....?. ..##
#.........#.###### . ...
#.... #.#......... #.
#.##...# #.#.........
#..#..#$..###...........
........................
......!....## #.........
......oo....###.........
.......@.....##.<.......
##.....##....##.........
......# #.#..#).........
.?.... #.......###.#...
................# .# ##
......#....##...... .
.##. ##.#............ #.
#.#............. #
#............


You could see 2 orcs.

Vanquished Creatures
  An orc wizard (D:3)
  2 adders (D:2)
  2 worms (D:2)
  A dart slug (D:1)
  3 ball pythons (D:2)
  4 bats
  4 endoplasms
  3 giant cockroaches
  2 goblins
  4 hobgoblins
  4 jackals
  4 kobolds (D:1)
  A quokka (D:1)
  A frilled lizard (D:1)
  7 rats
43 creatures vanquished.

Vanquished Creatures (others)
  A jackal (D:3)
1 creature vanquished.

Grand Total: 44 creatures vanquished

Notes
Turn   | Place    | Note
-------+----------+-------------------------------------------
     0 | D:1      | HoaS the Tengu Berserker began the quest for the Orb.
     0 | D:1      | Reached XP level 1. HP: 14/14 MP: 2/2
   203 | D:1      | Reached XP level 2. HP: 19/19 MP: 3/3
   259 | D:1      | Identified Sif Muna's Compendium of Ignition and Creation
   293 | D:1      | Reached skill level 4 in Polearms
   962 | D:2      | Reached XP level 3. HP: 23/23 MP: 4/4
  1026 | D:2      | Reached ** piety under Trog
  1148 | D:2      | Reached skill level 5 in Polearms
  1340 | D:2      | Reached XP level 4. HP: 16/28 MP: 5/5
  1827 | D:3      | Slain by an orc

Illustrated notes

Levels and vault maps discovered:
D:1:      dpeg_arrival_tiny_h, layout_basic
D:2:      layout_rooms
D:3:      layout_rooms, lemuel_doored_altar, ebering_ghost_rock_garden,
          serial_shops, shop, st_stairs_7

Skill      XL: |  1  2  3 |
---------------+----------+-----
Polearms       | 4 5 |  5.8
Fighting       | |  3.0
Armour         | |  2.1
Dodging        | |  2.1

Action                   |  1- 3 |  4- 6 || total
-------------------------+-------+-------++-------
Melee: Spear             |    24 |       ||    24
       Kick              |    13 |     5 ||    18
       Trident           |    68 |    25 ||    93
       Peck              |     6 |     4 ||    10
  Use: Scroll            |     2 |     2 ||     4
 Stab: Distracted        |     1 |       ||     1
       Sleeping          |     1 |       ||     1
Armor: Animal skin       |     5 |       ||     5
       Leather armour    |    13 |    12 ||    25
Dodge: Dodged            |    35 |    29 ||    64

Table legend: (Time is in decaauts)
 A = Elapsed time spent in this place.
 B = Non-inter-level travel time spent in this place.
 C = Inter-level travel time spent in this place.
 D = Time resting spent in this place.
 E = Time spent auto-exploring this place.
 F = Levels seen in this place.
 G = Mean time per level.
                   A        B        C        D        E       F      G
               +--------+--------+--------+--------+--------+-----+--------+
         Total |   1830 |   1801 |     29 |    592 |    939 |   3 |  610.0 |
       Dungeon |   1830 |   1801 |     29 |    592 |    939 |   3 |  610.0 |
               +--------+--------+--------+--------+--------+-----+--------+

Top non-repeatable levels by time:
     D:2: 908 daAuts
     D:1: 880 daAuts
     D:3: 41 daAuts
